 Dungeon Crawl Stone Soup version 0.18-a0-1171-ga8e22e7 (webtiles) character file.

13118 valsik64 the Cleaver (level 11, -1/90 HPs)
             Began as a Demonspawn Wanderer on Jan 27, 2016.
             Was a High Priest of Makhleb.
             Slain by a troll (9 damage)
             ... on level 12 of the Dungeon.
             The game lasted 01:10:17 (15632 turns).

valsik64 the Cleaver (Demonspawn Wanderer)         Turns: 15632, Time: 01:10:17

Health: -1/90      AC: 19    Str: 17    XL:     11   Next: 71%
Magic:  14/14      EV:  9    Int: 14    God:    Makhleb [*****.]
Gold:   518        SH:  0    Dex: 11    Spells: 0 memorised, 10 levels left

rFire  + . .     SeeInvis .     A - +2 battleaxe (chop)
rCold  . . .     Gourm    .     F - +1 ring mail {MR+}
rNeg   . . .     Faith    .     (shield currently unavailable)
rPois  .         Spirit   .     y - +1 helmet
rElec  .         Dismiss  .     V - +0 cloak
rCorr  .         Reflect  .     c - +0 pair of gloves
SustAt +         Harm     .     l - +2 pair of boots {run}
MR     +....                    U - amulet of rage
Stlth  ++........               E - ring of protection from fire
                                d - ring of sustain attributes

@: very slightly contaminated, hasted, very quick, somewhat resistant to hostile
enchantments, unstealthy
A: talons 2, icy blue scales 2, nightstalker 1
a: Minor Destruction, Lesser Servant of Makhleb, Major Destruction, Greater
Servant of Makhleb, Renounce Religion, Evoke Berserk Rage


You were on level 12 of the Dungeon.
You worshipped Makhleb.
Makhleb was extremely pleased with you.
You were hungry.

You visited 2 branches of the dungeon, and saw 13 of its levels.
You also visited: Bailey.

You collected 732 gold pieces.
You spent 214 gold pieces at shops.

Inventory:

Hand Weapons
 b - a +0 hunting sling of flaming
 n - a +0 shortbow of evasion
 A - a +2 battleaxe of chopping (weapon)
 K - a +0 greatsling
Missiles
 i - 45 sling bullets
 j - 378 stones
 m - 8 tomahawks
 u - 23 tomahawks of returning (quivered)
Armour
 c - a +0 pair of gloves (worn)
 l - a +2 pair of boots of running (worn)
 x - a +0 plate armour
 y - a +1 helmet (worn)
 F - a +1 ring mail of magic resistance (worn)
 M - a troll hide
 T - a +0 scale mail of cold resistance
 V - a +0 cloak (worn)
Jewellery
 d - a ring of sustain attributes (left hand)
 E - a ring of protection from fire (right hand)
 H - an uncursed amulet of harm
 J - an uncursed ring of resist corrosion {unknown}
 U - an amulet of rage (around neck)
Wands
 e - a wand of fireball (8/15)
 h - a wand of magic darts (25/48)
 k - a wand of lightning (11/15)
 G - a wand of confusion (22/48)
Scrolls
 q - 7 scrolls of teleportation
 t - a scroll of random uselessness
 w - 4 scrolls of remove curse
 D - a scroll of vulnerability {unknown}
 I - a scroll of fear {unknown}
 L - 3 scrolls of fog
 O - a scroll of enchant armour
 P - a scroll of recharging {unknown}
 Q - a scroll of amnesia {unknown}
 R - 2 scrolls of enchant weapon {unknown}
 Y - a scroll of identify
Potions
 g - 8 potions of curing
 o - 4 potions of resistance
 v - 2 potions of might
 B - 2 potions of flight
 C - 2 potions of magic
 Z - a potion of invisibility {unknown}
Books
 N - a book of Conjurations

   Spells                             Type                      Level
   a - Magic Dart                     Conjuration                  1
   b - Searing Ray                    Conjuration                  2
   c - Dazzling Spray                 Conjuration/Hexes            3
   d - Fulminant Prism                Conjuration/Hexes            4
   e - Iskenderun's Mystic Blast      Conjuration                  4
   f - Iskenderun's Battlesphere      Conjuration/Charms           5
Miscellaneous
 S - a plain deck of wonders
Comestibles
 f - 12 bread rations
 s - 6 meat rations
 z - 2 beef jerkies
 W - 2 slices of pizza


   Skills:
 + Level 10.1 Fighting
 + Level 10.2(11.0) Axes
   Level 7.0(9.6) Polearms
 - Level 1.0 Bows
 + Level 8.4 Armour
 - Level 1.0 Stealth
   Level 1.0 Shields
 - Level 5.1 Invocations
 + Level 1.2 Evocations


You had 10 spell levels left.
You didn't know any spells.

Dungeon Overview and Level Annotations

Branches:
Dungeon (12/15)            Temple (1/1) D:6            Lair (0/8) D:10
    Orc: D:9-12

Altars:
Ashenzari
Cheibriados
Dithmenos
Elyvilon
Fedhas
Gozag
Kikubaaqudgha
Makhleb
Nemelex Xobeh
Okawaru
Pakellas
Qazlal
Sif Muna
Trog
Vehumet
Xom
Yredelemnul
Zin
The Shining One

Shops:
D:6 (

Portals:
Trove: D:11 (give 5 potions of cure mutation)

Annotations:
D:5 Thraspic's ghost, novice FoFi
D:7 Pikel
D:11 exclusion: oklob sapling


Innate Abilities, Weirdness & Mutations

You have razor-sharp toenails.
You are mostly covered in icy blue scales (AC +3, EV -1).
You are slightly more attuned to the shadows.


Message History

The troll closely misses you. The troll claws you.
* * * LOW HITPOINT WARNING * * *
Your hellwing blocks the shadow's attack.
Your hellwing's corpse armour sloughs away.
Your hellwing hits the shadow but does no damage.
Your hellwing barely misses the shadow.
Drink which item? (? for menu, Esc to quit)
You feel better. The shadow hits your hellwing.
Your hellwing closely misses the shadow. x2
Drink which item? (? for menu, Esc to quit)
You feel yourself speed up. The troll barely misses you. The troll claws you.
* * * LOW HITPOINT WARNING * * *
The troll claws you but does no damage. The troll bites you.
* * * LOW HITPOINT WARNING * * *
The troll claws you but does no damage. x2; Your hellwing hits the shadow!
The shadow is destroyed!
Makhleb accepts your kill.
You are very lightly contaminated with residual magic.
The troll bites you but does no damage. The troll claws you!
You die...

#. #. #. #.
#.## #..#
####@#####
#..T.....#
#.##T###.#
.####.#)).##.#
......<.)....+
......)))......
##....4........
#...).........
...............


You could see 2 trolls and a friendly hellwing.

Vanquished Creatures
  Gastronok (D:11)
  Josephine (D:11)
  A cyclops (D:11)
  Psyche (D:10)
  A komodo dragon (D:10)
  A troll (D:10)
  Grinder (D:3)
  Sigmund (D:3)
  A spriggan (D:7)
  8 yaks
  4 wraiths (D:11)
  4 fire bats (D:9)
  A wyvern (D:6)
  3 hippogriffs
  A warg (D:12)
  2 water moccasins
  A hell hound (D:9)
  An ice beast (D:8)
  Duvessa (D:4)
  8 orc warriors
  4 slaves (D:7)
  A black bear (D:11)
  2 phantoms
  A necrophage (D:7)
  5 centaurs
  9 ogres
  A big kobold (D:7)
  A crocodile (D:12)
  4 giant frogs
  A gnoll sergeant (D:6)
  Dowan (D:4)
  2 scorpions
  A wyvern skeleton (D:9)
  3 wights (D:7)
  2 giant frog zombies
  4 crimson imps
  2 lava snakes (D:9)
  8 hounds
  2 quasits
  2 centaur zombies
  4 gnoll shamans (D:10)
  2 giant frog skeletons
  11 orc priests
  2 centaur skeletons (D:10)
  2 jellies
  An iguana (D:4)
  12 orc wizards
  Natasha (thrice) (D:4)
  5 worker ants
  Robin (D:2)
  18 gnolls
  13 adders
  5 shadow imps
  An ooze (D:1)
  2 worms
  7 giant geckos
  51 orcs
  6 ball pythons
  9 giant cockroaches
  23 goblins
  3 hobgoblins
  19 jackals
  24 kobolds
  6 quokkas
  8 bats
  9 giant newts
  2 quokka skeletons
  8 rats
  A rat zombie (D:6)
  A fire vortex (D:9)
  3 plants (D:11)
361 creatures vanquished.

Vanquished Creatures (collateral kills)
  A shadow (D:12)
  An orc (D:12)
2 creatures vanquished.

Vanquished Creatures (others)
  A fire vortex (D:9)
  3 fungi (D:10)
  7 plants
11 creatures vanquished.

Grand Total: 374 creatures vanquished

Notes
Turn   | Place    | Note
--------------------------------------------------------------
     0 | D:1      | valsik64 the Demonspawn Wanderer began the quest for the Orb.
     0 | D:1      | valsik64 set off with: a +2 spear, a potion of curing, a potion of lignification, a +0 robe, a bread ration
     0 | D:1      | Reached XP level 1. HP: 19/19 MP: 1/1
   214 | D:1      | Gained mutation: You have sharp toenails. [demonic ancestry]
   214 | D:1      | Reached XP level 2. HP: 26/26 MP: 2/2
   329 | D:1      | You fall through a shaft!
   521 | D:1      | Reached skill level 5 in Fighting
   572 | D:1      | Reached XP level 3. HP: 30/33 MP: 3/3
  1261 | D:2      | Reached XP level 4. HP: 39/39 MP: 4/4
  1432 | D:2      | Noticed Robin
  1495 | D:2      | Killed Robin
  1921 | D:2      | Found a deep blue altar of Sif Muna.
  2096 | D:3      | Noticed Grinder
  2114 | D:3      | Paralysed by Grinder for 2 turns
  2128 | D:3      | Paralysed by Grinder for 3 turns
  2146 | D:3      | Paralysed by Grinder for 3 turns
  2155 | D:3      | Paralysed by Grinder for 4 turns
  2163 | D:3      | Paralysed by Grinder for 4 turns
  2173 | D:3      | Killed Grinder
  2173 | D:3      | Reached skill level 6 in Fighting
  2173 | D:3      | Gained mutation: You have razor-sharp toenails. [demonic ancestry]
  2173 | D:3      | Reached XP level 5. HP: 14/47 MP: 5/5
  2173 | D:3      | Reached XP level 6. HP: 15/53 MP: 6/6
  2468 | D:3      | Noticed Sigmund
  2500 | D:3      | Killed Sigmund
  2500 | D:3      | Reached skill level 5 in Polearms
  2945 | D:3      | Found an oddly glowing altar of Pakellas.
  3196 | D:4      | Reached skill level 7 in Fighting
  3196 | D:4      | Gained mutation: You are partially covered in icy blue scales (AC +1). [demonic ancestry]
  3196 | D:4      | Reached XP level 7. HP: 27/60 MP: 7/7
  3343 | D:4      | Noticed Natasha
  3348 | D:4      | Killed Natasha
  3362 | D:4      | Noticed Natasha
  3621 | D:4      | Killed Natasha
  3628 | D:4      | Noticed Natasha
  3638 | D:4      | Killed Natasha
  3744 | D:4      | Noticed Duvessa
  3764 | D:4      | Killed Duvessa
  4136 | D:4      | Noticed Dowan
  4159 | D:4      | Killed Dowan
  4744 | D:5      | Entered Level 5 of the Dungeon
  4781 | D:5      | Reached skill level 8 in Fighting
  4781 | D:5      | Gained mutation: You are mostly covered in icy blue scales (AC +3, EV -1). [demonic ancestry]
  4781 | D:5      | Reached XP level 8. HP: 66/68 MP: 8/8
  4910 | D:5      | Found a sparkling altar of Nemelex Xobeh.
  5147 | D:5      | Noticed Thraspic's ghost (novice FoFi)
  5674 | D:5      | HP: 2/103 [orc warrior/trident (12)]
  6261 | D:6      | Reached skill level 9 in Fighting
  6261 | D:6      | Reached skill level 1 in Armour
  6490 | D:6      | Found a staircase to the Ecumenical Temple.
  6503 | Temple   | Entered the Ecumenical Temple
  6589 | Temple   | Became a worshipper of Makhleb the Destroyer
  7057 | D:6      | Reached XP level 9. HP: 58/77 MP: 9/9
  7110 | D:6      | Reached * piety under Makhleb
  7481 | D:6      | Found an ancient bone altar of Kikubaaqudgha.
  7588 | D:6      | Found Qutwog's Antique Weapon Shoppe.
  7602 | D:6      | Bought a runed battleaxe for 214 gold pieces
  7921 | D:7      | Reached skill level 1 in Axes
  8343 | D:7      | Noticed Pikel
  8660 | D:7      | Found a white marble altar of Elyvilon.
  8668 | D:7      | Reached skill level 10 in Fighting
  8672 | D:7      | Reached ** piety under Makhleb
  9759 | D:8      | Found a stormy altar of Qazlal.
  9760 | D:8      | Found a blossoming altar of Fedhas.
  9987 | D:8      | Found a shimmering altar of Xom.
  9995 | D:8      | Noticed an angel
  9997 | D:8      | Found a glowing silver altar of Zin.
 10072 | D:8      | Reached skill level 5 in Armour
 10184 | D:8      | Found a radiant altar of Vehumet.
 10318 | D:8      | Reached skill level 5 in Axes
 10570 | D:9      | Gained mutation: You are slightly more attuned to the shadows. [demonic ancestry]
 10570 | D:9      | Reached XP level 10. HP: 47/85 MP: 10/10
 10617 | D:9      | Found a flagged portal.
 10628 | Bailey   | Entered a bailey
 10636 | Bailey   | Noticed an orc warlord
 10653 | Bailey   | Reached *** piety under Makhleb
 10832 | Bailey   | Found a runed gate.
 10991 | Bailey   | Found a runed gate.
 10991 | Bailey   | Found a runed gate.
 11656 | D:9      | Found an opulent altar of Gozag.
 11710 | D:9      | Found a basalt altar of Yredelemnul.
 11932 | D:10     | Entered Level 10 of the Dungeon
 12143 | D:10     | Noticed Psyche
 12245 | D:10     | Killed Psyche
 12245 | D:10     | Reached **** piety under Makhleb
 12331 | D:10     | Found a blossoming altar of Fedhas.
 12364 | D:10     | Found a staircase to the Lair.
 13337 | D:10     | Reached XP level 11. HP: 60/90 MP: 11/11
 14074 | D:11     | Identified a scroll of acquirement
 14084 | D:11     | Identified a +1 pair of boots of running (You acquired it on level 11 of the Dungeon)
 14092 | D:11     | Found a portal to a secret trove of treasure.
 14104 | D:11     | Noticed Josephine
 14114 | D:11     | Killed Josephine
 14412 | D:11     | Noticed Gastronok
 14437 | D:11     | Killed Gastronok
 14437 | D:11     | Reached skill level 10 in Axes
 15042 | D:11     | Reached ***** piety under Makhleb
 15555 | D:11     | Reached skill level 5 in Invocations
 15613 | D:12     | Reached skill level 1 in Evocations
 15632 | D:12     | Slain by a troll

Vault maps used:
D:1:      dpeg_arrival_houses_and_road
D:2:      kennysheep_goblin_castle, lemuel_blue_sif_altar
D:3:      johnstein_pakellas_death_squad, uniq_sigmund, uniq_grinder
D:4:      first_bread, hangedman_decor_opposing, uniq_duvessa, uniq_natasha
D:5:      nemelex_deck, serial_park_tiny_2
D:6:      lemuel_zombie_altar_kikubaaqudgha, minmay_temple_entry_trees,
          serial_shops, nicolae_shop_overgrown_old_shop
D:7:      elyvilon_altar_5, the_bakery, uniq_pikel
D:8:      grunt_temple_overflow_forces_of_nature,
          grunt_temple_overflow_order_and_chaos_1, fiery_altar_vehumet
D:9:      nicolae_overflow_crystal_walls, lemuel_coloured_pillars_altar,
          enter_bailey_1, hangedman_incinerator
D:10:     kennysheep_seaside_town, david_lair_shrubbed, kennysheep_crisscross,
          fedhas_altar_2, uniq_psyche
D:11:     nicolae_trove_entry_free_sample, introduction_to_nature_2,
          uniq_josephine, uniq_gastronok
D:12:     erik_orc_4, serial_shops, nicolae_shop_behind_doors,
          grunt_dithmenos_smoke_and_mirrors
Temple:   nicolae_temple_figure_zero
Bailey:   bailey_axe_bossmonster_kennysheep, bailey

Action                   |  1- 3 |  4- 6 |  7- 9 | 10-12 || total
-------------------------+-------+-------+-------+-------++-------
Melee: Spear             |   106 |   193 |    44 |       ||   343
       Scythe            |       |       |   301 |       ||   301
       Battleaxe         |       |       |   184 |   399 ||   583
 Fire: Hunting sling     |       |    19 |       |       ||    19
Throw: Stone             |       |       |    20 |       ||    20
       Tomahawk          |       |       |       |    33 ||    33
Invok: Lesser Servant of |       |       |       |     1 ||     1
  Use: Potion            |       |     1 |     6 |     6 ||    13
       Scroll            |       |       |     9 |     9 ||    18
 Stab: Sleeping          |     3 |       |     1 |     1 ||     5
       Distracted        |     1 |       |     2 |       ||     3
  Eat: Chunk             |     1 |     6 |    22 |    12 ||    41
       Fruit             |       |       |     3 |     5 ||     8
